AoeStats
← KDPC

Arabia

504035112Analyzed
1v1 RM · 29d ago on Sep 3, 2026· 65m 15s· 2 players
Game mode
Random Map
Map size
Tiny (2 player)
Population
200
Speed
Normal
Resources
Standard
Victory
Conquest
Starting age
Dark Age
Ending age
Imperial Age
RankedLock teamsTeams togetherTeam positionsShared explorationLock speedFull tech treeHidden civsTurbo modeCheats
Victory
Defeat
🇪🇸 Burgundians · Spain
296
+13
🇺🇾 Spanish · Uruguay
229
-13
KDPC
1:09 Loom
19:31 Feudal Age
20:10 Double-Bit Axe
19:49 Man-at-Arms
20:15 Arson
20:18 Horse Collar
21:06 Stone Mining
21:13 Gold Mining
22:12 Forging
23:06 Bloodlines
23:16 Town Watch
27:11 Scale Mail Armor
27:14 Padded Archer Armor
31:37 Scale Barding Armor
31:23 Fletching
32:52 Wheelbarrow
37:01 Castle Age
37:55 Husbandry
37:16 Light Cavalry
37:44 Elite Skirmisher
38:30 Thumb Ring
38:42 Bow Saw
38:39 Heavy Plow
40:20 Long Swordsman
40:46 Gambesons
40:22 Pikeman
41:03 Squires
42:21 Guard Tower
42:52 Ballistics
42:39 Siphons
42:56 Leather Archer Armor
44:26 Hand Cart
44:56 Coinage
46:33 Masonry
46:19 Murder Holes
47:07 Iron Casting
48:38 Chain Mail Armor
50:03 Stone Shaft Mining
52:06 Fortified Wall
52:21 Chain Barding Armor
51:57 Bodkin Arrow
53:59 Town Patrol
61:48 Imperial Age
62:00 Cavalier
62:08 Hussar
63:13 Guilds
sntsalgado
18:38 Feudal Age
17:34 Horse Collar
17:43 Double-Bit Axe
23:37 Castle Age
27:17 Pikeman
27:58 Squires
28:42 Husbandry
28:57 Scale Barding Armor
30:43 Ballistics
30:37 Forging
31:23 Chain Barding Armor
32:35 Light Cavalry
33:55 Iron Casting
33:20 Treadmill Crane
33:54 Masonry
33:37 Gold Mining
33:41 Stone Mining
34:57 Wheelbarrow
34:10 Town Watch
34:33 Fletching
34:25 Cavalier
37:11 Fortified Wall
36:57 Murder Holes
37:02 Bodkin Arrow
41:37 Imperial Age
39:23 Hand Cart
39:09 Town Patrol
40:24 Burgundian Vineyards
42:54 Heavy Plow
43:31 Gold Shaft Mining
43:35 Stone Shaft Mining
43:15 Bow Saw
42:31 Elite Coustillier
43:35 Conscription
46:16 Architecture
45:32 Arrowslits
46:25 Plate Barding Armor
46:51 Blast Furnace
45:52 Bracer
46:30 Hoardings
48:46 Paladin
50:46 Chemistry
55:39 Bow Saw
58:35 Guilds
Connection lost

Rejoining the realm…

Still unreachable

The connection could not be restored.

Session expired

The server has moved on; the page needs a fresh start.